AoeStats
← HAMADY

Arena

507252889Analyzed
4v4 RM · 15d ago on Sep 17, 2026· 38m 43s· 8 players
Game mode
Random Map
Map size
Large (8 player)
Population
200
Speed
Normal
Resources
Standard
Victory
Conquest
Starting age
Dark Age
Ending age
Imperial Age
RankedLock teamsTeams togetherTeam positionsShared explorationLock speedFull tech treeHidden civsTurbo modeCheats
Victory
Defeat
🇨🇳 Britons · China
1444
+14
🇦🇷 Persians · Argentina
1426
+15
🇩🇪 Japanese · Germany
1366
+17
1333
+18
1439
-18
🇦🇺 Poles · Australia
1394
-16
🇨🇳 Spanish · China
1391
-16
🇯🇵 Britons · Japan
1338
-14
HAMADY
10:26 Feudal Age
14:30 Castle Age
12:43 Double-Bit Axe
12:41 Horse Collar
16:04 Bow Saw
23:05 Loom
23:26 Heavy Plow
24:20 Wheelbarrow
23:56 Town Watch
24:56 Fletching
25:06 Padded Archer Armor
26:04 Bodkin Arrow
29:52 Imperial Age
27:58 Leather Archer Armor
28:55 Ballistics
29:48 Yeomen
30:24 Hand Cart
30:09 Town Patrol
30:07 Gold Mining
31:15 Fortified Wall
32:18 Bracer
33:19 Chemistry
34:00 Crossbowman
39:04 Ring Archer Armor
あおぞら ひかり
9:51 Feudal Age
14:39 Castle Age
12:30 Double-Bit Axe
12:53 Horse Collar
15:54 Bow Saw
16:30 Heavy Plow
Josephine Explosiphine
10:33 Feudal Age
11:41 Double-Bit Axe
14:08 Castle Age
12:14 Horse Collar
14:56 Heavy Plow
15:08 Bow Saw
18:44 Stone Mining
19:13 Loom
20:22 Scale Mail Armor
21:53 Stone Shaft Mining
22:51 Wheelbarrow
22:42 Chain Mail Armor
22:37 Forging
23:07 Gold Mining
23:24 Scale Barding Armor
24:03 Szlachta Privileges
26:14 Iron Casting
26:59 Chain Barding Armor
26:59 Bloodlines
26:50 Husbandry
30:23 Imperial Age
28:11 Hand Cart
29:58 Fletching
30:25 Cavalier
32:06 Blast Furnace
31:29 Conscription
31:43 Bodkin Arrow
32:25 Crop Rotation
32:49 Town Watch
34:42 Hoardings
34:27 Lechitic Legacy
36:07 Plate Mail Armor
35:37 Bracer
35:31 Elite Obuch
37:58 Chemistry
37:18 Ballistics
36:39 Treadmill Crane
38:43 Squires
38:28 Arson
SevenThunder438
10:05 Feudal Age
13:37 Castle Age
13:03 Double-Bit Axe
13:32 Horse Collar
14:34 Loom
20:12 Bow Saw
20:35 Loom
21:35 Wheelbarrow
21:46 Heavy Plow
21:58 Stone Mining
24:16 Gold Mining
25:40 Hand Cart
30:56 Imperial Age
34:47 Conscription
34:30 Padded Archer Armor
35:19 Pikeman
36:00 Squires
35:45 Arson
35:45 Gambesons
36:22 Scale Mail Armor
36:33 Forging
35:58 Halberdier
38:18 Chain Mail Armor
38:38 Iron Casting
下雨天。。。。
10:57 Feudal Age
14:29 Castle Age
12:38 Double-Bit Axe
12:47 Horse Collar
14:44 Wheelbarrow
15:20 Bow Saw
16:19 Heavy Plow
19:35 Hand Cart
21:40 Gold Mining
22:39 Stone Mining
23:58 Gold Shaft Mining
27:13 Imperial Age
24:29 Loom
24:56 Forging
26:21 Stone Shaft Mining
25:48 Scale Mail Armor
25:55 Scale Barding Armor
26:24 Bloodlines
27:00 Chain Barding Armor
27:15 Iron Casting
26:45 Husbandry
27:29 Town Watch
27:16 Heavy Camel Rider
29:39 Plate Barding Armor
29:05 Scale Mail Armor
30:35 Blast Furnace
31:14 Conscription
30:27 Imperial Camel Rider
32:49 Chemistry
32:31 Padded Archer Armor
33:34 Two-Man Saw
34:00 Shatagni
35:15 Leather Archer Armor
34:51 Fletching
37:09 Coinage
39:13 Ring Archer Armor
38:40 Bodkin Arrow
Matteo426
10:11 Feudal Age
13:45 Castle Age
12:02 Double-Bit Axe
13:13 Horse Collar
15:25 Wheelbarrow
18:52 Loom
20:32 Bow Saw
23:13 Scale Barding Armor
23:19 Forging
24:58 Hand Cart
25:05 Forging
29:02 Imperial Age
26:53 Heavy Plow
27:37 Chain Barding Armor
27:45 Bloodlines
28:32 Husbandry
28:41 Fletching
29:59 Iron Casting
29:30 Gold Mining
31:27 Plate Barding Armor
30:27 Cavalier
32:34 Blast Furnace
32:23 Light Cavalry
32:58 Town Watch
35:33 Gold Shaft Mining
34:23 Heavy Camel Rider
35:25 Stone Mining
35:37 Savar
38:44 Conscription
38:50 Bodkin Arrow
王德发
9:37 Feudal Age
13:35 Castle Age
11:56 Double-Bit Axe
14:37 Fletching
16:23 Bodkin Arrow
24:30 Horse Collar
24:46 Gold Mining
24:52 Stone Mining
25:42 Bow Saw
25:34 Heavy Plow
27:34 Wheelbarrow
26:47 Town Watch
27:06 Loom
29:33 Gold Shaft Mining
29:15 Hand Cart
33:24 Imperial Age
33:09 Padded Archer Armor
33:32 Ballistics
34:12 Masonry
34:23 Careening
37:37 Imperial Age
Krabbel
10:49 Feudal Age
14:37 Castle Age
13:50 Double-Bit Axe
15:45 Bow Saw
17:56 Horse Collar
20:20 Gold Mining
20:59 Scale Mail Armor
24:36 Chain Mail Armor
31:57 Imperial Age
30:39 Wheelbarrow
31:54 Padded Archer Armor
31:45 Fletching
31:53 Stone Mining
32:02 Elite Skirmisher
33:32 Gold Shaft Mining
33:54 Thumb Ring
34:05 Leather Archer Armor
34:30 Bodkin Arrow
34:43 Guard Tower
35:08 Fortified Wall
35:32 Bracer
36:15 Arrowslits
37:49 Ballistics
39:06 Keep
39:26 Ring Archer Armor
Connection lost

Rejoining the realm…

Still unreachable

The connection could not be restored.

Session expired

The server has moved on; the page needs a fresh start.